 Dungeon Crawl Stone Soup version 0.32-a0-931-g5a2cda0630 (webtiles) character file.

Game seed: 2907710141811061322

8 Ofeo the Charlatan (level 2, 0/21 HPs)
             Began as a Coglin Artificer on Apr 13, 2024.
             Slain by a gnoll
             ... wielding a +0 flail
              (5 damage)
             ... on level 1 of the Dungeon.
             The game lasted 00:00:13 (358 turns).

Ofeo the Charlatan (Coglin Artificer)                Turns: 358, Time: 00:00:13

Health: 0/21       AC:  3    Str: 12    XL:     2   Next: 8%
Magic:  2/2        EV: 10    Int: 10    God:
Gold:   11         SH:  0    Dex: 14    Spells: 1/1 levels left

rFire   . . .        a - +0 club {Cortez}
rCold   . . .        f - +0 dagger {Ajinder}
rNeg    . . .        b - +0 leather armour
rPois   .            (no helmet)
rElec   .            (no cloak)
rCorr   .            (no gloves)
SInv    .            (no boots)
Will    .....        (amulet unavailable)
Stlth   +            (ring unavailable)
HPRegen 0.23/turn    (ring unavailable)
MPRegen 0.08/turn    (no gizmo)

%: no passive effects
@: revving
A: off-hand wielding, slow wielding, warmup strikes, no jewellery
a: Invent Gizmo


You were on level 1 of the Dungeon.
You visited 1 branch of the dungeon, and saw 1 of its levels.

You collected 11 gold pieces.

Inventory:

Hand Weapons
 a - a +0 club (weapon) {Cortez}
 f - a +0 dagger (offhand) {Ajinder}
Armour
 b - a +0 leather armour (worn)
Wands
 c - a wand of flame (15) (quivered)
 d - a wand of charming (15)
 e - a wand of iceblast (5) {@v4}
Potions
 g - a potion of enlightenment {unknown}
 h - 2 potions of might {unknown}


   Skills:
 + Level 1.2 Fighting
 + Level 1.9 Armour
 + Level 1.1 Dodging
 + Level 1.0 Stealth
 + Level 4.1 Evocations


You had one spell level left.
You didn't know any spells.
Your spell library was empty.

Dungeon Overview and Level Annotations

Branches:
Dungeon (1/15)

Altars:


Innate Abilities, Weirdness & Mutations

You can wield a second weapon in your off-hand.
It takes a long time for you to wield or remove held weapons.
Your first few attacks do less damage.
You cannot equip rings or amulets.


Message History

No target in view!
You see here a +0 short sword.
Found a stone staircase leading down.
There is a stone staircase leading down here.
You see here a scarf of resistance.
A ball python comes into view.
The ball python hisses angrily.
A ball python is nearby!
A ball python is nearby!
You hit the ball python with your +0 club.
You kill the ball python!
No target in view!
A frilled lizard comes into view.
A frilled lizard is nearby!
A frilled lizard is nearby!
A gnoll comes into view. It is wielding a +0 flail.
The gnoll shouts!
An endoplasm comes into view.
You hit the gnoll but do no damage. You hit the gnoll with your +0 club.
The gnoll hits you with a +0 flail.
You take 3 damage, and have 18/21 hp.
You barely miss the gnoll with your +0 club.
The gnoll is lightly wounded.
You hit the gnoll with your +0 dagger. The gnoll hits you with a +0 flail.
The frilled lizard barely misses you.
You take 5 damage, and have 13/21 hp.
MASSIVE DAMAGE!!
You hit the gnoll but do no damage.
The gnoll is moderately wounded.
You hit the gnoll with your +0 club.
The frilled lizard hisses.
The frilled lizard completely misses you.
The gnoll hits you with a +0 flail!
* * * LOW HITPOINT WARNING * * *
The endoplasm completely misses you.
You take 8 damage, and have 5/21 hp.
MASSIVE DAMAGE!!
You are too injured to fight recklessly!
You are too injured to fight recklessly!
You are too injured to fight recklessly!
The gnoll hits you with a +0 flail.
You die...

#...# #...# #
#...# #.#...#
#.#...##
#####.#....#
......J....###
......gl.....####
......#@#.......#
.#### ##........#
##.......#
#.......# .#
#.......# #.#
#.......# #.#
#.......# #.#
##.####### ###.#
#..#


You could see a gnoll, an endoplasm and a frilled lizard.

Vanquished Creatures
  A dart slug (D:1)
  A ball python (D:1)
  An endoplasm (D:1)
  A goblin (D:1)
  A kobold (D:1)
5 creatures vanquished.

Notes
Turn   | Place    | Note
-------+----------+-------------------------------------------
     0 | D:1      | Ofeo the Coglin Artificer began the quest for the Orb.
     0 | D:1      | Reached XP level 1. HP: 15/15 MP: 1/1
    84 | D:1      | Reached skill level 1 in Dodging
   180 | D:1      | Reached skill level 1 in Stealth
   213 | D:1      | Reached XP level 2. HP: 21/21 MP: 2/2
   358 | D:1      | Slain by a gnoll

Illustrated notes

Levels and vault maps discovered:
D:1:      lemuel_arrival_muddy, layout_loops_ring,
          shapermc_ecumenical_altar_mp_vishouse

Skill      XL: |  1 |
---------------+----+-----
Dodging        | 1 |  1.1
Stealth        | 1 |  1.0
Fighting       | |  1.2
Armour         | |  1.9
Evocations     | |  4.1

Action                     || total
---------------------------++-------
  Melee: Club              ||    15
         Dagger            ||    14
 Armour: Leather armour    ||    12
  Dodge: Dodged            ||     6

Table legend: (Time is in decaauts)
 A = Elapsed time spent in this place.
 B = Non-inter-level travel time spent in this place.
 C = Inter-level travel time spent in this place.
 D = Time resting spent in this place.
 E = Time spent auto-exploring this place.
 F = Levels seen in this place.
 G = Mean time per level.
                   A        B        C        D        E       F      G
               +--------+--------+--------+--------+--------+-----+--------+
         Total |    361 |    361 |      0 |      0 |    316 |   1 |  361.0 |
       Dungeon |    361 |    361 |      0 |      0 |    316 |   1 |  361.0 |
               +--------+--------+--------+--------+--------+-----+--------+

Top non-repeatable levels by time:
     D:1: 361 daAuts
